 Dungeon Crawl Stone Soup version 0.22.0-27-ga576289 (webtiles) character file.

417506 Mgcat the Wrestler (level 23, -3/210 (211) HPs)
             Began as a Ghoul Berserker on Aug 21, 2018.
             Was the Champion of Trog.
             Slain by a caustic shrike (27 damage)
             ... on level 3 of the Depths.
             The game lasted 02:47:40 (55642 turns).

Mgcat the Wrestler (Ghoul Berserker)               Turns: 55642, Time: 02:47:40

HP:   -3/210 (211)  AC: 18    Str: 33    XL:     23   Next: 64%
MP:   31/31         EV: 11    Int: 11    God:    Trog [******]
Gold: 2408          SH: 18    Dex: 10    Spells: 22/22 levels left

rFire    + + .     SeeInvis +     - Unarmed
rCold    + + +     Gourm    .   A - +1 shield {AC+3}
rNeg     + + +     Faith    .   u - +1 gold dragon scales
rPois    ∞         Spirit   .   l - +2 hat {MR+}
rElec    .         Reflect  +   d - +2 cloak {rF+}
rCorr    .         Harm     .   j - +1 pair of gloves of the Lily {*Contam rC- Str+3 Dex+5}
MR       ++...                  I - +2 pair of boots
Stlth    ..........             i - +2 amulet of reflection
HPRegen  0.00/turn              D - ring of the Saviour {rF- rC+++ Str+5 Slay+3}
MPRegen  0.22/turn              S - ring "Tuph" {rPois rF+ Int+4 Dex-4 SInv}

@: corroded, rotting
A: rotting body, claws 1, carnivore, cold resistance 1, negative energy
resistance 3, inhibited regeneration, torment resistance, unbreathing
}: 2/15 runes: barnacled, gossamer
a: Trog's Hand, Brothers in Arms, Renounce Religion


You were on level 3 of the Depths.
You worshipped Trog.
Trog was exalted by your worship.
You were not hungry.

You visited 7 branches of the dungeon, and saw 39 of its levels.
You also visited: Labyrinth, Ice Cave and Volcano.

You collected 4905 gold pieces.
You spent 2497 gold pieces at shops.

Inventory:

Missiles
 m - 6 throwing nets (quivered) {=f, !d}
 q - 14 curare-tipped needles
 y - 41 javelins of returning
 L - 7 tomahawks of dispersal {=f}
Armour
 d - a +2 cloak of fire resistance (worn)
   (You found it in a volcano)
 j - the +1 pair of gloves of the Lily (worn) {*Contam rC- Str+3 Dex+5}
   (You acquired it on level 1 of the Orcish Mines)

   It affects your strength (+3).
   It affects your dexterity (+5).
   It makes you vulnerable to cold.
   It causes magical contamination when unequipped.
 l - a +2 hat of magic resistance (worn)
   (You found it on level 11 of the Dungeon)
 u - +1 gold dragon scales (worn)
   (You found it on level 3 of the Depths)
 A - a +1 shield of protection (worn)
   (You bought it in a shop on level 8 of the Dungeon)
 I - a +2 pair of boots (worn)
   (You found it on level 4 of the Lair of Beasts)
Jewellery
 g - an uncursed ring of flight {+Fly, !d}
   (You took it off a minotaur in a labyrinth)
 i - a +2 amulet of reflection (around neck)
   (You found it on level 15 of the Dungeon)
 C - an uncursed ring of protection from fire {rF+, !d}
   (You found it on level 4 of the Lair of Beasts)
 D - the ring of the Saviour (left hand) {rF- rC+++ Str+5 Slay+3}
   (You acquired it on level 3 of the Depths)

   [ring of slaying]

   It affects your strength (+5).
   It affects your accuracy and damage with ranged weapons and melee attacks
   (+3).
   It makes you vulnerable to fire.
   It renders you almost immune to cold.
 S - the ring "Tuph" (right hand) {rPois rF+ Int+4 Dex-4 SInv}
   (You took it off a hell knight on level 3 of the Depths)

   [ring of poison resistance]

   It affects your intelligence (+4).
   It affects your dexterity (-4).
   It protects you from fire.
   It protects you from poison.
   It lets you see invisible.
Wands
 k - a wand of acid (9)
   (You found it on level 1 of the Shoals)
 z - a wand of iceblast (21)
   (You found it on level 1 of the Shoals)
 H - a wand of paralysis (19)
   (You found it on level 4 of the Lair of Beasts)
 M - a wand of scattershot (6)
   (You took it off Maurice on level 1 of the Orcish Mines)
 N - a wand of clouds (7)
   (You took it off a centaur warrior on level 2 of the Vaults)
 U - a wand of digging (6)
   (You took it off an orc on level 4 of the Vaults)
Scrolls
 e - 7 scrolls of teleportation
 f - 17 scrolls of remove curse
 h - 2 scrolls of fear
 s - 12 scrolls of identify
 B - 4 scrolls of fog
 R - a scroll of magic mapping {!r}
Potions
 c - 3 potions of cancellation
 n - 3 potions of flight
 r - 5 potions of might
 v - a potion of haste
 x - 8 potions of curing
 J - a potion of resistance
 T - 7 potions of ambrosia
 W - a potion of agility
Miscellaneous
 p - a lightning rod (4/4)
   (You found it on level 10 of the Dungeon)
 t - 2 boxes of beasts
 F - a phial of floods
   (You found it on level 2 of the Vaults)
 K - 3 sacks of spiders
 O - a phantom mirror
 Q - a lamp of fire
   (You found it on level 1 of the Spider Nest)
 V - a crystal ball of energy
   (You found it on level 3 of the Depths)
Comestibles
 b - 72 rations


   Skills:
 * Level 18.9 Fighting
 + Level 13.1 Armour
 - Level 12.3 Dodging
 * Level 15.3 Shields
 * Level 24.5 Unarmed Combat
 - Level 12.8 Evocations


You had 22 spell levels left.
You didn't know any spells.
Your spell library was empty.

Dungeon Overview and Level Annotations

Branches:
Dungeon (15/15)            Temple (0/1) D:5            Lair (6/6) D:9
 Shoals (4/4) Lair:3       Spider (4/4) Lair:4        Slime (0/5) Lair:6
    Orc (2/2) D:11            Elf (0/3) Orc:2        Vaults (4/5) D:14
  Crypt (0/3) Vaults:3     Depths (4/5) D:15

Altars:
Ashenzari
Dithmenos
Elyvilon
Kikubaaqudgha
Makhleb
Nemelex Xobeh
Okawaru
Trog
Vehumet
Xom
Yredelemnul
Zin
The Shining One
Jiyva

Shops:
D:4 [   D:8 [   D:9 =   D:10 %   Orc:1 ?   Orc:2 [[%}   Shoals:2 *

Portals:
Hell: Depths:1 Depths:2 Depths:3
Abyss: Depths:1 Depths:3
Pandemonium: Depths:3
Ziggurat: Depths:3

Annotations:
D:4 2 runed doors, EnegeticOcto's ghost, amateur GrFi
D:6 2 transporters, p0werm0de's ghost, novice VSWn
D:7 2 runed doors, EnegeticOcto's ghost, novice MiBe
D:15 2 runed doors, Elod's ghost, adept GrFi
Lair:6 2 runed doors, exclusion: 2 oklob plants, brik's ghost, journeyman MiGl
Shoals:3 2 transporters, Myrruen's ghost, adept MiFi
Orc:1 exclusion: oklob plant
Vaults:4 exclusion: obsidian statue


Innate Abilities, Weirdness & Mutations

Your body is rotting away.
You thrive on raw meat.
You are immune to poison.
You have sharp fingernails.
You are carnivorous and can eat meat at any time.
Your flesh is cold resistant. (rC+)
You are immune to negative energy. (rN+++)
You do not regenerate when monsters are visible.
You are immune to unholy pain and torment.
You can survive without breathing.


Message History

You pummel the spriggan rider!!
You kill the spriggan rider!
Trog accepts your kill.
You kill the hornet!
Trog accepts your kill.
Things that are here:
a spear; a spriggan corpse; a hornet corpse You see here a wand of paralysis (17).
H - a wand of paralysis (22) (gained 17 charges) Key pressed, stopping explore.
Key pressed, stopping explore.
A caustic shrike comes into view.
A caustic shrike is nearby!
A caustic shrike is nearby!
A caustic shrike is nearby!
A caustic shrike is nearby!
Evoke which item? (* to show all) (? for menu, Esc to quit)
Aiming: Paralyse
Press: ? - help, Shift-Dir - straight line, f - caustic shrike
Aim: a caustic shrike (hasn't noticed you, chance to defeat MR: 26%)
Okay, then.
The caustic shrike screeches!
There is a stone staircase leading up here.
Evoke which item? (* to show all) (? for menu, Esc to quit)
Aiming: Paralyse
Press: ? - help, Shift-Dir - straight line, f - caustic shrike
Aim: a caustic shrike (chance to defeat MR: 26%)
The caustic shrike resists with almost no effort.
A caustic shrike comes into view.
Evoke which item? (* to show all) (? for menu, Esc to quit)
Aiming: Paralyse
Press: ? - help, Shift-Dir - straight line, f/p - caustic shrike
Aim: a caustic shrike (chance to defeat MR: 26%)
The caustic shrike suddenly stops moving!
The caustic shrike screeches!
Evoke which item? (* to show all) (? for menu, Esc to quit)
Aiming: Paralyse
Press: ? - help, Shift-Dir - straight line, f/p - caustic shrike
Aim: a caustic shrike (paralysed, chance to defeat MR: 26%)
Okay, then.
Unknown command.
You feel your flesh rotting away.
Evoke which item? (* to show all) (? for menu, Esc to quit)
Aiming: Paralyse
Press: ? - help, Shift-Dir - straight line, f/p - caustic shrike
Aim: a caustic shrike (paralysed, chance to defeat MR: 26%)
The caustic shrike resists with almost no effort.
You miss the caustic shrike. The caustic shrike claws you.
The acid corrodes you!
You are splashed with acid!
The acid burns!
The caustic shrike claws you but does no damage. x2
You climb upwards.
There is a stone staircase leading down here.
You closely miss the caustic shrike. You block the caustic shrike's attack.
You hit the caustic shrike but do no damage.
The caustic shrike claws you! The acid corrodes you!
You are splashed with acid!
The acid burns!
You miss the caustic shrike. You block the caustic shrike's attack.
You miss the caustic shrike. The caustic shrike claws you!
The acid corrodes you!
You are splashed with acid!
The acid burns!
You punch the caustic shrike!
The caustic shrike is lightly wounded.
You block the caustic shrike's attack.
You pummel the caustic shrike like a punching bag!!!
The caustic shrike is severely wounded.
The caustic shrike completely misses you.
You miss the caustic shrike.
The caustic shrike is severely wounded.
The caustic shrike barely misses you.
You completely miss the caustic shrike.
The caustic shrike is severely wounded.
You block the caustic shrike's attack.
You closely miss the caustic shrike.
The caustic shrike is severely wounded.
The caustic shrike claws you! The acid corrodes you!
You are splashed with acid!
The acid burns!
* * * LOW HITPOINT WARNING * * *
You closely miss the caustic shrike.
The caustic shrike is severely wounded.
The caustic shrike claws you!
* * * LOW HITPOINT WARNING * * *
You are splashed with acid!
The acid burns!
* * * LOW HITPOINT WARNING * * *
You closely miss the caustic shrike.
The caustic shrike is severely wounded.
You block the caustic shrike's attack. x2
Unknown command.
Unknown command.
Okay, then.
Evoke which item? (* to show all) (? for menu, Esc to quit)
Aiming: Scattershot
Press: ? - help, Shift-Dir - straight line, f - caustic shrike
Aim: a caustic shrike (severely wounded)
The burst of metal fragments hits the caustic shrike. x5
The caustic shrike is almost dead.
The caustic shrike claws you!
* * * LOW HITPOINT WARNING * * *
The acid corrodes you!
You are splashed with acid!
The acid burns!
* * * LOW HITPOINT WARNING * * *
The caustic shrike claws you!!
You die...

####.##(...##..8..###...
#....#..(..##.....(#''#
#"...##.(..###....)#)).
##....##..''###...)))(≈
#...#.###''..###[#))..
##..##.###.....###...§
##..⌠#.##.......#####
##b.##.##...........
##@..#.##....8...(.
##..##.###........
##......####.....
##......#.######
##....''.......
###..#....≈≈≈.
####........ ###......
#######


You could see a caustic shrike.

Vanquished Creatures
  Frederick (Vaults:2)
  Xtahua (Vaults:2)
  A golden dragon (Depths:3)
  A pearl dragon (Depths:1)
  Arachne (Spider:2)
  A tentacled monstrosity (Depths:3)
  Rupert (D:14)
  2 liches (Depths:3)
  2 titans (Depths:3)
  A quicksilver dragon (Depths:3)
  Polyphemus (Shoals:2)
  3 sphinxes
  Kirke (Spider:2)
  Agnes (D:15)
  A shadow dragon (Vaults:3)
  A storm dragon (Vaults:1)
  5 tengu reavers
  4 fire giants
  Roxanne (Spider:2)
  4 ghost moths (Spider:4)
  5 frost giants
  An iron dragon (Depths:3)
  A deep elf sorcerer (Depths:1)
  5 emperor scorpions
  A ghoul (Vaults:4)
  7 vault wardens
  A large abomination (Vaults:1)
  6 spriggan defenders (Depths:3)
  11 ironheart preservers
  18 very ugly things
  An entropy weaver (Spider:4)
  11 stone giants
  An ophan (Depths:1)
  An apis (Depths:1)
  A deep elf annihilator (Vaults:1)
  3 deep elf demonologists
  15 spark wasps
  2 dire elephants (Lair:6)
  6 ettins
  Snorg (D:11)
  A minotaur (Lab)
  5 merfolk javelineers
  4 merfolk impalers
  7 fire dragons
  A deep elf death mage (Vaults:1)
  12 yaktaur captains
  9 hydras
  2 rakshasas
  A hell beast (Depths:1)
  Fannar (D:11)
  Harold (D:7)
  11 great orbs of eyes
  14 vault guards
  10 ice dragons
  5 merfolk avatars
  4 spriggan air magi
  Erica (D:11)
  12 ogre magi
  6 deep troll shamans
  10 merfolk aquamancers
  5 death knights
  13 centaur warriors
  2 alligator snapping turtles
  44 two-headed ogres
  11 death yaks
  An anaconda (Lair:6)
  An orc high priest (Orc:2)
  A satyr (Shoals:4)
  A vampire mage (Depths:3)
  4 tengu warriors
  6 deep troll earth magi
  11 hell knights (Depths:3)
  4 spriggan berserkers
  5 deep elf knights
  9 spriggans
  2 shadow wraiths (Vaults:4)
  4 iron trolls
  17 deep trolls
  5 skeletal warriors
  3 unseen horrors
  5 flayed ghosts
  16 sea snakes
  3 wizards
  3 deep elf archers
  7 orc knights
  A glowing orange brain (Vaults:2)
  15 ironbrand convokers
  5 necromancers
  A lindwurm (shapeshifter) (Vaults:4)
  31 harpies
  4 phantasmal warriors
  9 orb spiders
  27 wolf spiders
  45 ugly things
  9 cyclopes
  10 deep elf magi
  6 fauns
  3 orc sorcerers
  22 manticores
  7 merfolk sirens
  18 vault sentinels
  A black mamba (Lair:6)
  A black mamba (shapeshifter) (Vaults:1)
  2 ice statues (IceCv)
  8 elephants (Lair:6)
  8 water nymphs
  Maurice (Orc:1)
  A storm dragon simulacrum (Vaults:3)
  3 torpor snails (Spider:4)
  A rime drake (Depths:1)
  5 gargoyles
  8 spiny frogs
  9 komodo dragons
  16 demonic crawlers
  6 freezing wraiths
  A redback zombie (D:14)
  27 yaktaurs
  2 tengu conjurers
  A meliai (shapeshifter) (Vaults:4)
  5 wind drakes
  30 merfolk
  14 trolls
  2 jumping spiders (shapeshifter)
  25 jumping spiders
  A harpy skeleton (D:14)
  A tengu simulacrum (Vaults:2)
  11 polar bears
  A wind drake (shapeshifter) (Vaults:2)
  19 hornets
  9 snapping turtles
  2 blink frogs (shapeshifter)
  8 blink frogs
  15 slime creatures
  8 dream sheep
  10 hippogriffs
  Sigmund (D:4)
  70 redbacks
  3 wraiths
  3 wyverns
  40 yaks
  A vampire (D:12)
  A hog (Spider:2)
  31 tarantellas
  A basilisk (shapeshifter) (Vaults:2)
  3 shadows
  A fire elemental (Volcano)
  17 water elementals
  Eustachio (D:4)
  7 fire bats (Volcano)
  Grum (D:11)
  2 hungry ghosts
  5 basilisks
  12 vampire mosquitoes
  4 wargs
  6 acid dragons
  A floating eye (shapeshifter) (Vaults:4)
  7 water moccasins
  2 hell hounds (Depths:1)
  10 porcupines
  18 orc warriors
  2 sky beasts
  A swamp drake (Spider:1)
  A black bear (shapeshifter) (D:15)
  3 ice beasts
  2 black bears
  An ice beast (shapeshifter) (Vaults:2)
  7 necrophages
  40 ogres
  7 boggarts
  2 hornet zombies
  21 wolves
  39 centaurs
  11 crocodiles
  24 bullfrogs
  5 big kobolds
  A wyvern zombie (D:10)
  An elf simulacrum (Vaults:1)
  An earth elemental (Volcano)
  A wyvern skeleton (D:10)
  A water moccasin zombie (D:6)
  4 scorpions
  17 killer bees
  14 wights
  2 electric eels
  7 howler monkeys
  6 crimson imps
  8 lava snakes
  4 quasits
  8 hounds
  2 human simulacra (Vaults:3)
  3 centaur zombies
  3 jellies
  21 orc priests
  7 centaur skeletons
  28 orc wizards
  A bullfrog skeleton (D:10)
  7 iguanas
  5 worker ants
  A hell rat (D:9)
  3 polar bear simulacra (Lair:5)
  2 killer bee zombies (D:9)
  3 wolf simulacra (Lair:5)
  2 yak simulacra (Lair:5)
  2 hound zombies (D:9)
  3 mummies (D:9)
  3 gnolls (D:7)
  12 adders
  3 river rats
  3 shadow imps
  17 white imps
  An ooze (D:2)
  An adder zombie (D:9)
  2 adder skeletons
  A dart slug (D:1)
  4 worms
  3 leopard geckos
  92 orcs
  10 bats
  5 giant cockroaches
  13 goblins
  11 hobgoblins
  5 jackals
  36 kobolds
  5 quokkas
  4 ball pythons
  3 frilled lizards (D:1)
  2 jackal skeletons
  A leopard gecko zombie (D:6)
  19 rats
  3 river rat simulacra (Lair:5)
  3 plants (Lair:6)
1751 creatures vanquished.

Vanquished Creatures (collateral kills)
  Asterion (Spider:1)
  Louise (Spider:3)
  A stone giant (Volcano)
  2 dire elephants (Lair:6)
  A merfolk impaler (Shoals:2)
  An ogre mage (Depths:3)
  A catoblepas (Shoals:2)
  3 two-headed ogres (Depths:3)
  A death yak (Shoals:2)
  A deep troll (Depths:3)
  2 gargoyles (Volcano)
  A molten gargoyle (Volcano)
  An efreet (Volcano)
  A demonic crawler (Spider:3)
  3 merfolk (Shoals:2)
  An ogre (Depths:3)
  An earth elemental (Volcano)
23 creatures vanquished.

Vanquished Creatures (others)
  A fire giant (Depths:2)
  A stone giant (Depths:1)
  A yaktaur captain (Depths:3)
  3 satyrs
  A deep elf archer (Vaults:3)
  A deep elf mage (Vaults:4)
  3 yaktaurs
  A tengu conjurer (Depths:2)
  A polar bear (IceCv)
  4 centaurs
  2 boggarts (Vaults:3)
  A white imp (Vaults:1)
  A rat (D:2)
  7 fungi
  21 plants
49 creatures vanquished.

Grand Total: 1823 creatures vanquished

Notes
Turn   | Place    | Note
-------+----------+-------------------------------------------
     0 | D:1      | Mgcat the Ghoul Berserker began the quest for the Orb.
     0 | D:1      | Reached XP level 1. HP: 19/19 MP: 0/0
   101 | D:1      | Reached XP level 2. HP: 26/26 MP: 1/1
   482 | D:1      | Reached XP level 3. HP: 31/33 MP: 2/2
   490 | D:1      | Reached skill level 4 in Fighting
   528 | D:1      | Reached skill level 4 in Unarmed Combat
   724 | D:1      | Reached ** piety under Trog
  1074 | D:2      | Found a shimmering altar of Xom.
  1076 | D:2      | Noticed an angel
  1089 | D:2      | Found a glowing silver altar of Zin.
  1101 | D:2      | Reached XP level 4. HP: 35/41 MP: 3/3
  1201 | D:2      | Found a transporter.
  1242 | D:2      | Noticed a centaur
  1250 | D:2      | Found a burning altar of Makhleb.
  1263 | D:2      | Found a transporter.
  1432 | D:2      | Found an iron altar of Okawaru.
  1432 | D:2      | Found a shattered altar of Ashenzari.
  1432 | D:2      | Found a radiant altar of Vehumet.
  1434 | D:2      | Found an ancient bone altar of Kikubaaqudgha.
  1856 | D:2      | Reached XP level 5. HP: 39/47 MP: 4/4
  1880 | D:3      | Reached skill level 5 in Fighting
  1880 | D:3      | Reached skill level 5 in Unarmed Combat
  2501 | D:3      | Reached *** piety under Trog
  2590 | D:4      | Found Beotsep's Antique Armour Shoppe.
  2617 | D:4      | Noticed an ogre
  2622 | D:4      | Killed an ogre
  2622 | D:4      | Reached skill level 6 in Unarmed Combat
  2622 | D:4      | Reached XP level 6. HP: 44/56 MP: 5/5
  2725 | D:4      | Found a runed door.
  2745 | D:4      | Reached skill level 7 in Unarmed Combat
  2749 | D:4      | Noticed EnegeticOcto's ghost (amateur GrFi)
  2828 | D:4      | Noticed Eustachio
  2846 | D:4      | Killed Eustachio
  2846 | D:4      | Reached XP level 7. HP: 61/61 MP: 6/6
  2856 | D:4      | Reached skill level 8 in Unarmed Combat
  2888 | D:4      | Noticed Sigmund
  2899 | D:4      | Killed Sigmund
  2967 | D:4      | Found a bloodstained altar of Trog.
  2984 | D:4      | Found a sparkling altar of Nemelex Xobeh.
  3101 | D:4      | Found a runed door.
  3136 | D:5      | Entered Level 5 of the Dungeon
  3164 | D:5      | Found a staircase to the Ecumenical Temple.
  3361 | D:5      | Reached skill level 9 in Unarmed Combat
  3454 | D:5      | Reached skill level 1 in Evocations
  3573 | D:5      | Reached XP level 8. HP: 54/68 MP: 7/7
  3920 | D:6      | Reached skill level 2 in Evocations
  3995 | D:6      | Reached skill level 10 in Unarmed Combat
  4211 | D:6      | Reached skill level 3 in Evocations
  4389 | D:6      | Found a transporter.
  4389 | D:6      | Noticed p0werm0de's ghost (novice VSWn)
  4437 | D:6      | Found a shadowy altar of Dithmenos.
  4524 | D:6      | Found a transporter.
  4725 | D:2      | Reached XP level 9. HP: 57/73 MP: 10/10
  4726 | D:2      | Reached skill level 11 in Unarmed Combat
  4861 | D:4      | Bought a runed chain mail for 202 gold pieces
  4966 | D:7      | Reached skill level 4 in Evocations
  5316 | D:7      | Reached **** piety under Trog
  5435 | D:7      | Found a large runed door.
  5435 | D:7      | Found a large runed door.
  5438 | D:7      | Noticed EnegeticOcto's ghost (novice MiBe)
  5463 | D:7      | Noticed Harold
  5467 | D:6      | HP: 18/74 [orc priest/divine providence (9)]
  5470 | D:6      | Reached skill level 12 in Unarmed Combat
  5738 | D:7      | Reached skill level 5 in Evocations
  5991 | D:7      | Found a bloodstained altar of Trog.
  6029 | D:7      | HP: 14/74 [Harold/halberd (17)]
  6329 | D:7      | HP: 18/74 [Harold/halberd (7)]
  6331 | D:7      | HP: 8/74 [Harold/halberd (19)]
  6333 | D:7      | Killed Harold
  6333 | D:7      | Reached skill level 13 in Unarmed Combat
  6333 | D:7      | Reached skill level 6 in Evocations
  6333 | D:7      | Reached XP level 10. HP: 9/81 MP: 13/13
  6810 | D:8      | Found Hienniom's Antique Armour Emporium.
  6864 | D:8      | Found a glowing silver altar of Zin.
  6924 | D:8      | Noticed a two-headed ogre
  6934 | D:8      | Killed a two-headed ogre
  6993 | D:8      | Noticed a two-headed ogre
  7005 | D:8      | Killed a two-headed ogre
  7005 | D:8      | Reached skill level 14 in Unarmed Combat
  7015 | D:8      | Reached skill level 2 in Armour
  7151 | D:8      | Noticed a two-headed ogre
  7159 | D:8      | Killed a two-headed ogre
  7159 | D:8      | Reached skill level 4 in Armour
  7213 | D:8      | Found a basalt altar of Yredelemnul.
  7910 | D:8      | Reached skill level 5 in Armour
  7915 | D:8      | Reached XP level 11. HP: 55/84 MP: 14/14
  7992 | D:9      | Reached skill level 1 in Shields
  8016 | D:8      | Received a gift from Trog
  8017 | D:8      | Reached skill level 2 in Shields
  8315 | D:9      | Found Idijoss's Jewellery Emporium.
  8342 | D:9      | Reached skill level 3 in Shields
  8406 | D:9      | Noticed a death yak
  8607 | D:9      | Reached skill level 4 in Shields
  8654 | D:9      | Noticed a death yak
  8666 | D:9      | Noticed a death yak
  8672 | D:9      | Killed a death yak
  8672 | D:9      | Reached skill level 5 in Shields
  8676 | D:9      | Killed a death yak
  8676 | D:9      | Reached skill level 3 in Dodging
  8676 | D:9      | Killed a death yak
  8676 | D:9      | Reached skill level 4 in Dodging
  8809 | D:9      | Reached ***** piety under Trog
  8996 | D:9      | Found a staircase to the Lair.
  9218 | D:9      | Noticed a two-headed ogre
  9227 | D:9      | Killed a two-headed ogre
  9227 | D:9      | Reached skill level 5 in Dodging
  9311 | D:9      | Found a sparkling altar of Nemelex Xobeh.
  9590 | D:10     | Entered Level 10 of the Dungeon
  9686 | D:8      | Bought a shiny shield for 247 gold pieces
  9775 | D:10     | Noticed a two-headed ogre
  9796 | D:10     | Killed a two-headed ogre
 10062 | D:10     | Killed an unseen horror
 10062 | D:10     | Reached XP level 12. HP: 58/93 MP: 14/16
 10138 | D:10     | Reached skill level 15 in Unarmed Combat
 10385 | D:10     | Found Heato's Food Emporium.
 10546 | D:10     | Reached skill level 7 in Evocations
 10609 | D:10     | Received a gift from Trog
 11030 | D:11     | Noticed Snorg
 11030 | D:11     | Noticed Erica
 11109 | D:11     | Found a transporter.
 11188 | D:11     | Found a transporter.
 11211 | D:11     | Killed Erica
 11237 | D:11     | Noticed Grum
 11270 | D:11     | Killed Grum
 11515 | D:11     | Killed Snorg
 11515 | D:11     | Reached skill level 16 in Unarmed Combat
 11794 | D:11     | Got a crude rapier
 11898 | D:11     | Found a staircase to the Orcish Mines.
 11947 | D:11     | Noticed Fannar
 11965 | D:11     | Killed Fannar
 11965 | D:11     | Reached skill level 8 in Evocations
 12080 | D:8      | Bought a runed hat for 231 gold pieces
 12277 | Lair:1   | Entered Level 1 of the Lair of Beasts
 12847 | Lair:1   | Got an encrusted hand axe
 13268 | Lair:2   | Reached XP level 13. HP: 86/100 MP: 18/18
 13311 | Lair:2   | Found a dark tunnel.
 13320 | Volcano  | Entered a volcano
 13555 | Volcano  | Reached skill level 17 in Unarmed Combat
 13718 | Volcano  | Noticed a stone giant
 13739 | Volcano  | HP: 24/98 [efreet/bolt of fire (7)]
 13744 | Volcano  | Reached skill level 9 in Evocations
 13746 | Volcano  | Killed a stone giant
 13997 | Volcano  | Found a radiant altar of Vehumet.
 14620 | Lair:2   | HP: 21/100 [death yak (16)]
 15449 | Lair:3   | Reached skill level 18 in Unarmed Combat
 15635 | Lair:3   | Found a labyrinth entrance.
 15655 | Lab      | Entered a labyrinth
 15740 | Lab      | Noticed a minotaur
 15749 | Lab      | Killed a minotaur
 16037 | Lair:3   | Found a staircase to the Shoals.
 16052 | Lair:3   | Reached skill level 10 in Evocations
 16332 | Lair:4   | Found a hole to the Spider Nest.
 16841 | Lair:4   | Reached XP level 14. HP: 44/107 MP: 20/20
 17471 | Lair:5   | Reached skill level 19 in Unarmed Combat
 17591 | Lair:5   | Found an ancient bone altar of Kikubaaqudgha.
 18391 | Lair:6   | Entered Level 6 of the Lair of Beasts
 19004 | Lair:6   | Got a dazzling chain mail
 19037 | Lair:6   | Found a large runed door.
 19206 | Lair:6   | Found a large runed door.
 19318 | Lair:6   | Found a viscous altar of Jiyva.
 19318 | Lair:6   | Found a staircase to the Slime Pits.
 19377 | Lair:6   | Identified the cursed +1 chain mail of Shadows and Fog {Str+2 Slay+5} (You found it on level 6 of the Lair of Beasts)
 19430 | Lair:6   | Noticed brik's ghost (journeyman MiGl)
 19683 | Lair:6   | Reached skill level 20 in Unarmed Combat
 19842 | Lair:6   | Noticed a dire elephant
 19855 | Lair:6   | Killed a dire elephant
 19892 | Lair:6   | Noticed a dire elephant
 19892 | Lair:6   | Noticed a dire elephant
 19905 | Lair:6   | Killed a dire elephant
 19905 | Lair:6   | Reached skill level 6 in Fighting
 19917 | Lair:6   | Killed a dire elephant
 19979 | Lair:6   | Noticed a dire elephant
 19990 | Lair:6   | Killed a dire elephant
 19990 | Lair:6   | Reached skill level 7 in Fighting
 20131 | Lair:6   | Got a scintillating turquoise ring
 20133 | Lair:6   | Identified the ring of Dissent {Fire *Corrode rPois rN+ Stlth+} (You found it on level 6 of the Lair of Beasts)
 20401 | Orc:1    | Entered Level 1 of the Orcish Mines
 20401 | Orc:1    | Found Biucemm's Magic Scroll Emporium.
 20434 | Orc:1    | Bought a scroll of acquirement for 832 gold pieces
 20434 | Orc:1    | Bought a scroll of enchant armour for 120 gold pieces
 20435 | Orc:1    | Got a pair of slimy gloves
 20446 | Orc:1    | Identified the +1 pair of gloves of the Lily {*Contam rC- Str+3 Dex+5} (You acquired it on level 1 of the Orcish Mines)
 20515 | Orc:1    | Noticed a stone giant
 20534 | Orc:1    | Killed a stone giant
 20706 | Orc:1    | Received a gift from Trog
 20908 | Orc:1    | Noticed Maurice
 20913 | Orc:1    | Killed Maurice
 21094 | Orc:2    | Entered Level 2 of the Orcish Mines
 21097 | Orc:2    | Reached skill level 8 in Fighting
 21398 | Orc:2    | Found a staircase to the Elven Halls.
 21422 | Orc:2    | Reached skill level 9 in Fighting
 21637 | Orc:2    | Reached skill level 10 in Fighting
 21639 | Orc:2    | Received a gift from Trog
 21668 | Orc:2    | Reached XP level 15. HP: 93/126 MP: 21/21
 21898 | Orc:2    | Reached skill level 6 in Dodging
 22027 | Orc:2    | Reached ****** piety under Trog
 22045 | Orc:2    | Found Irchacun's Antique Armour Shoppe.
 22096 | Orc:2    | Found Qeox's Gadget Emporium.
 22101 | Orc:2    | Found Siseum's Antique Armour Boutique.
 22109 | Orc:2    | Reached skill level 6 in Shields
 22270 | Orc:2    | Found Sodalo's Food Shoppe.
 22330 | Orc:2    | Bought a scorched plate armour for 588 gold pieces
 22341 | Orc:2    | Identified the cursed +1 plate armour of Disappointment {Regen+} (You bought it in a shop on level 2 of the Orcish Mines)
 23266 | D:12     | Received a gift from Trog
 23506 | D:12     | You fall through a shaft for 2 floors!
 23513 | D:14     | Reached skill level 6 in Armour
 23664 | D:14     | Received a gift from Trog
 23950 | D:14     | Found a gate to the Vaults.
 24004 | D:14     | Reached skill level 11 in Fighting
 24103 | D:14     | Noticed Rupert
 24119 | D:14     | Killed Rupert
 24119 | D:14     | Reached skill level 7 in Dodging
 24304 | D:13     | Found a glowing golden altar of the Shining One.
 24364 | D:13     | Found a frozen archway.
 24419 | IceCv    | Entered an ice cave
 24425 | IceCv    | Reached skill level 7 in Shields
 24836 | IceCv    | HP: 16/130 [ice statue/bolt of cold (20)]
 25157 | IceCv    | Reached skill level 7 in Armour
 25179 | IceCv    | Noticed a frost giant
 25195 | IceCv    | Killed a frost giant
 25195 | IceCv    | Reached XP level 16. HP: 101/137 MP: 22/22
 25210 | IceCv    | Received a gift from Trog
 25280 | IceCv    | Got a crystal battleaxe
 25281 | IceCv    | Identified the cursed +1 battleaxe "Nepivvuso" {chop, +Fly rC+ MR+} (You found it in an ice cave)
 26165 | D:15     | Entered Level 15 of the Dungeon
 26669 | D:15     | Noticed Agnes
 26680 | D:15     | Received a gift from Trog
 26695 | D:15     | Killed Agnes
 26707 | D:15     | Reached skill level 8 in Dodging
 26728 | D:15     | Got an iridescent executioner's axe {god gift}
 26729 | D:15     | Identified the +1 executioner's axe of Indignation {freeze, rPois} (Trog gifted it to you on level 15 of the Dungeon)
 27006 | D:15     | Found a large runed door.
 27006 | D:15     | Found a large runed door.
 27010 | D:15     | Noticed Elod's ghost (adept GrFi)
 27043 | D:15     | Found a staircase to the Depths.
 27506 | Shoals:1 | Entered Level 1 of the Shoals
 27585 | Shoals:1 | Reached skill level 8 in Shields
 27655 | Shoals:1 | Reached skill level 12 in Fighting
 27880 | Shoals:1 | Reached skill level 8 in Armour
 28466 | Shoals:2 | Noticed Polyphemus
 28491 | Shoals:2 | Killed Polyphemus
 28936 | Shoals:2 | Received a gift from Trog
 29280 | Shoals:2 | Reached skill level 21 in Unarmed Combat
 29294 | Shoals:2 | Reached XP level 17. HP: 129/148 MP: 23/23
 29517 | Shoals:2 | Reached skill level 9 in Shields
 29525 | Shoals:2 | HP: 28/148 [sea snake (14)]
 29749 | Shoals:2 | Found Nuett's Needful Niceties.
 30151 | Shoals:3 | Reached skill level 9 in Armour
 30179 | Shoals:3 | Noticed Myrruen's ghost (adept MiFi)
 30185 | Shoals:3 | Found a transporter.
 30201 | Shoals:3 | Found a transporter.
 30702 | Shoals:3 | Reached skill level 13 in Fighting
 30843 | Shoals:3 | Received a gift from Trog
 30846 | Shoals:3 | Got a slimy hunting sling {god gift}
 31014 | Shoals:3 | Identified the +3 hunting sling of Trog's Favour {flame, +Inv MR- Str+7 Stlth+} (Trog gifted it to you on level 3 of the Shoals)
 31152 | Spider:1 | Entered Level 1 of the Spider Nest
 31654 | Spider:1 | Noticed Asterion
 31669 | Spider:1 | Killed Asterion
 31669 | Spider:1 | Reached skill level 9 in Dodging
 32366 | Spider:2 | Noticed Kirke
 32393 | Spider:2 | Killed Kirke
 32851 | Spider:2 | Noticed Roxanne
 32857 | Spider:2 | Noticed Arachne
 32887 | Spider:2 | Killed Arachne
 33055 | Spider:2 | Received a gift from Trog
 33283 | Spider:2 | Killed Roxanne
 33360 | Spider:3 | Noticed Louise
 33396 | Spider:3 | Killed Louise
 33396 | Spider:3 | Reached skill level 10 in Shields
 33823 | Spider:3 | Reached skill level 10 in Armour
 33939 | Spider:3 | Reached XP level 18. HP: 155/159 MP: 24/24
 34236 | Spider:3 | Identified Sif Muna's Handbook of Black Rituals and Fire
 34544 | Spider:4 | Entered Level 4 of the Spider Nest
 34972 | Spider:4 | Received a gift from Trog
 34975 | Spider:4 | Got an ichor-stained great sword {god gift}
 34976 | Spider:4 | Identified the +2 great sword of Rile Yteiff {drain, Int+6 Dex-3} (Trog gifted it to you on level 4 of the Spider Nest)
 35136 | Spider:4 | Reached skill level 14 in Fighting
 36184 | Spider:4 | Got a gossamer rune of Zot
 36794 | Shoals:4 | Entered Level 4 of the Shoals
 37093 | Shoals:4 | Reached skill level 11 in Shields
 37391 | Shoals:4 | Got a transparent bronze ring
 37479 | Shoals:4 | Reached skill level 22 in Unarmed Combat
 37960 | Shoals:4 | Received a gift from Trog
 38124 | Shoals:4 | Reached XP level 19. HP: 110/160 MP: 25/25
 38438 | Shoals:4 | Got a barnacled rune of Zot
 38549 | Shoals:4 | Found a runed door.
 38735 | Shoals:4 | Identified the ring of Peink {*Slow rElec Int+7 Stlth+} (You took it off a merfolk javelineer on level 4 of the Shoals)
 38812 | Shoals:4 | Reached skill level 10 in Dodging
 39365 | Vaults:1 | Entered Level 1 of the Vaults
 39456 | Vaults:1 | Reached skill level 15 in Fighting
 39731 | Vaults:1 | Got a brightly glowing scale mail
 39732 | Vaults:1 | Identified the +5 scale mail of Depression {rC+ MR+ Int+5} (You found it on level 1 of the Vaults)
 40163 | Vaults:1 | Received a gift from Trog
 40702 | Vaults:1 | Reached skill level 11 in Armour
 41274 | Vaults:1 | Reached skill level 11 in Evocations
 41290 | Vaults:1 | Reached skill level 12 in Shields
 41882 | Orc:2    | Bought a pair of runed boots for 277 gold pieces
 42665 | Vaults:2 | Reached XP level 20. HP: 152/176 MP: 27/27
 43356 | Vaults:2 | Received a gift from Trog
 43397 | Vaults:2 | Noticed Frederick
 43427 | Vaults:2 | Noticed Xtahua
 43685 | Vaults:2 | Killed Frederick
 43792 | Vaults:2 | Reached skill level 16 in Fighting
 44160 | Vaults:2 | Killed Xtahua
 44923 | Vaults:3 | Got a bloodstained flail
 45038 | Vaults:3 | HP: 41/181 [fire giant/great sword of flaming (16)]
 45705 | Vaults:3 | Noticed a Brimstone Fiend
 45930 | Vaults:3 | Reached skill level 23 in Unarmed Combat
 45946 | Vaults:3 | Reached skill level 11 in Dodging
 45963 | Vaults:3 | Reached skill level 13 in Shields
 46337 | Vaults:3 | Found a staircase to the Crypt.
 46583 | Vaults:3 | HP: 42/182 [ettin/great mace (34)]
 46852 | Vaults:4 | Received a gift from Trog
 46921 | Vaults:4 | Reached XP level 21. HP: 143/189 MP: 28/28
 47289 | Vaults:4 | Paralysed by a floating eye for 2 turns
 47817 | Vaults:4 | Received a gift from Trog
 48231 | Vaults:4 | Reached skill level 17 in Fighting
 48500 | Vaults:4 | Reached skill level 12 in Armour
 49038 | Depths:1 | Entered Level 1 of the Depths
 49048 | Depths:1 | Reached skill level 12 in Evocations
 49323 | Depths:1 | HP: 46/190 [barbs]
 49620 | Depths:1 | Received a gift from Trog
 49739 | Depths:1 | Found a gateway to Hell.
 49779 | Depths:1 | Found a one-way gate to the infinite horrors of the Abyss.
 49841 | Depths:1 | HP: 46/192 [cyan very ugly thing (25)]
 49866 | Depths:1 | Reached XP level 22. HP: 81/200 MP: 30/30
 49881 | Depths:1 | Reached skill level 14 in Shields
 50368 | Depths:1 | Noticed a pearl dragon
 50378 | Depths:1 | Killed a pearl dragon
 50523 | Depths:1 | Found a glowing golden altar of the Shining One.
 50523 | Depths:1 | Found a white marble altar of Elyvilon.
 50523 | Depths:1 | Found a glowing silver altar of Zin.
 51182 | Depths:2 | HP: 42/196 [acid (8)]
 51616 | Depths:2 | Got a dazzling mace
 51850 | Depths:2 | Received a gift from Trog
 52561 | Depths:3 | Found a gateway to a ziggurat.
 52858 | Depths:3 | Got a brightly glowing brass ring
 52859 | Depths:3 | Identified the ring of the Saviour {rF- rC+++ Str+5 Slay+3} (You acquired it on level 3 of the Depths)
 52866 | Depths:3 | Got a scorched halberd
 52897 | Depths:3 | Noticed a golden dragon
 52903 | Depths:3 | Reached skill level 12 in Dodging
 52910 | Depths:3 | Killed a golden dragon
 53034 | Depths:3 | Reached skill level 18 in Fighting
 53073 | Depths:3 | Reached skill level 24 in Unarmed Combat
 53118 | Depths:3 | HP: 46/201 [titan/the air (20)]
 53119 | Depths:3 | HP: 21/201 [titan/the air (22)]
 53125 | Depths:3 | HP: 38/202 [spark wasp (6)]
 53130 | Depths:3 | HP: 27/202 [spark wasp (9)]
 53131 | Depths:3 | HP: 7/202 [spark wasp (17)]
 53131 | Depths:3 | HP: 2/202 [spark wasp (5)]
 53368 | Depths:3 | HP: 48/201 [spark wasp (13)]
 53371 | Depths:3 | HP: 20/200 [spark wasp (13)]
 54071 | Depths:3 | Received a gift from Trog
 54103 | Depths:3 | Reached XP level 23. HP: 187/209 MP: 31/31
 54478 | Depths:3 | Reached skill level 15 in Shields
 54529 | Depths:3 | Got a fine whip {venom}
 54646 | Depths:3 | Received a gift from Trog
 54855 | Depths:3 | Got a wavering brass ring
 55131 | Depths:3 | Found a one-way gate leading to the halls of Pandemonium.
 55163 | Depths:3 | Reached skill level 13 in Armour
 55212 | Depths:3 | Identified the ring "Tuph" {rPois rF+ Int+4 Dex-4 SInv} (You took it off a hell knight on level 3 of the Depths)
 55290 | Depths:3 | HP: 47/211 [deep troll earth mage (16)]
 55298 | Depths:3 | HP: 34/211 [deep troll earth mage (7)]
 55622 | Depths:4 | Noticed a caustic shrike
 55624 | Depths:4 | Noticed a caustic shrike
 55640 | Depths:3 | HP: 52/210 [caustic shrike (7)]
 55642 | Depths:3 | HP: 24/210 [acid (10)]
 55642 | Depths:3 | Slain by a caustic shrike

Skill      XL: |  1  2  3  4  5  6  7  8  9 10 11 12 13 14 15 16 17 18 19 20 21 22 23 |
---------------+----------------------------------------------------------------------+-----
Fighting       | 4 5 10 11 12 13 14 15 16 17 18 | 18.9
Unarmed Combat | 4 6 7 9 10 13 14 16 18 20 21 22 23 24 | 24.5
Evocations     | 1 3 6 8 10 11 12 | 12.8
Armour         | 5 7 8 10 11 12 13 | 13.1
Shields        | 5 7 8 10 11 12 13 14 15 | 15.3
Dodging        | 5 7 8 9 10 11 12 | 12.3

Action                   |  1- 3 |  4- 6 |  7- 9 | 10-12 | 13-15 | 16-18 | 19-21 | 22-24 || total
-------------------------+-------+-------+-------+-------+-------+-------+-------+-------++-------
Melee: Unarmed           |   113 |   164 |   349 |   820 |  1341 |  1870 |  1900 |   912 ||  7469
       Punch             |     2 |     4 |    18 |       |       |       |       |       ||    24
Throw: Throwing net      |       |       |     3 |     2 |       |       |       |       ||     5
Invok: Trog's Hand       |       |     5 |     8 |     7 |     9 |     2 |    12 |     3 ||    46
       Brothers in Arms  |       |       |       |       |     2 |     3 |       |     3 ||     8
 Abil: Evoke Flight      |       |       |       |       |     2 |       |       |       ||     2
Evoke: Wand              |       |       |    12 |    17 |    35 |    22 |     4 |     7 ||    97
       Lightning rod     |       |       |       |     5 |     4 |       |       |       ||     9
       Sack of spiders   |       |       |       |       |     1 |     1 |       |       ||     2
       Box of beasts     |       |       |       |       |     1 |       |       |       ||     1
  Use: Scroll            |       |       |    14 |     9 |    15 |    11 |    14 |    14 ||    77
       Potion            |       |       |     4 |     4 |     2 |     3 |     4 |    15 ||    32
 Stab: Sleeping          |     1 |       |       |       |       |       |       |       ||     1
       Paralysed         |       |       |    12 |     9 |     5 |    17 |     1 |       ||    44
       Invisible         |       |       |       |     2 |       |       |       |       ||     2
       Distracted        |       |       |       |       |       |     3 |     1 |       ||     4
       Held in net/web   |       |       |       |       |       |     1 |       |       ||     1
  Eat: Chunk             |     3 |     4 |    16 |    26 |    42 |    45 |    49 |    22 ||   207
       Ration            |       |       |       |       |     1 |       |     1 |     2 ||     4
Armor: Animal skin       |     8 |       |       |       |       |       |       |       ||     8
       Ring mail         |    21 |    46 |   111 |       |       |       |       |       ||   178
       Plate armour      |       |       |       |   440 |   202 |   869 |    32 |       ||  1543
       Chain mail        |       |       |       |       |   265 |    83 |    32 |       ||   380
       Scale mail        |       |       |       |       |       |       |   455 |    78 ||   533
       Gold dragon scale |       |       |       |       |       |       |       |   220 ||   220
Dodge: Dodged            |    67 |    65 |   170 |   205 |   360 |   596 |   593 |   215 ||  2271
Block: Buckler           |       |       |       |    60 |       |       |       |       ||    60
       Shield            |       |       |       |   167 |   620 |  1274 |  1128 |   525 ||  3714
       Reflection        |       |       |       |       |       |    71 |    95 |    18 ||   184

Vault maps used:
D:1:      sevenhm_arrival_forest_fort_small_4
D:2:      grunt_temple_overflow_order_and_chaos_1,
          gammafunk_temple_overflow_arena,
          chequers_temple_overflow_statue_of_worship, lemuel_flame_loot_1
D:3:      serial_bayou_lagoon_a, kennysheep_generic_room_15
D:4:      nicolae_overflow_hidden_temple, ebering_ghost_sewer_f, serial_shops,
          shop, uniq_eustachio, uniq_sigmund
D:5:      minmay_temple_entry_statues_pillars, first_ration
D:6:      gammafunk_ghost_arena, mrwooster_statue_mirror, grunt_dithmenos_smoke
D:7:      ebering_ghost_disaster_area, serial_bayou_ford_a, bloody_trog,
          uniq_harold
D:8:      kennysheep_mini_moat, basic_altar, serial_shops,
          nicolae_shop_statue_plus
D:9:      dpeg_lair_monsters, serial_undead, serial_undead_a, serial_undead_e,
          serial_undead_d, serial_undead_b, serial_undead_f, serial_undead_e,
          serial_undead_c, serial_undead_a, serial_undead_b, serial_undead_b,
          basic_altar, serial_shops, shop
D:10:     serial_shops, shop, serial_glass, glass_columns_c, glass_columns_a,
          glass_columns_a, glass_columns_c, glass_columns_a, hangedman_fish_farm
D:11:     gammafunk_cloud_chamber, hiddenorc1_lemuel, uniq_erica, uniq_snorg,
          uniq_fannar, uniq_grum
D:13:     portal_ice_cave_entry_imps, nicolae_tso_swordbearing_angel
D:14:     erik_vaults_2, minmay_tree_intersection, uniq_rupert
D:15:     grunt_enter_depths_hoard, ebering_ghost_disaster_area, hex_medium,
          hangedman_abyss_or_decor_stagger, uniq_agnes
Lair:1:   minivault_19
Lair:2:   lightli_volcano_entry_magma_tube, ldierk_geyser, serial_bayou_pond_c
Lair:3:   minmay_shoals_entry_hut, lab_entry_generic
Lair:4:   spider_nest_entry_a, disabler_island, serial_bayou_shore_a
Lair:5:   basic_altar, eino_house_with_fridge, infiniplex_staircase_pool_2
Lair:6:   due_jungle_book, dpeg_slime_entry_enclosed_altar,
          ebering_ghost_disaster_area, bobbens_ice_dragon_lair,
          minmay_lair_oklob_chamber
Shoals:2: nicolae_alphabet_shops, uniq_polyphemus
Shoals:3: gammafunk_ghost_arena
Shoals:4: shoals_end_hangedman, lightli_airlock
Spider:1: uniq_asterion
Spider:2: guppyfry_hornet_nest, uniq_arachne, uniq_roxanne, uniq_kirke
Spider:3: uniq_louise
Spider:4: grunt_spider_rune_parallel, spiders_nest_hornet_nest
Orc:1:    serial_shops, nicolae_shop_statue_plus, nicolae_orc_lava_tube,
          mines3_lemuel, uniq_maurice
Orc:2:    st_orc_open
Vaults:1: vaults_dpeg_encased_lava, nicolae_vaults_what_the_h, v_misc_18,
          ontoclasm_vaults_ligature, serial_ice_b, v_misc_11, st_spiral_rooms,
          nicolae_vaults_alarming
Vaults:2: nicolae_vaults_little_squares_5, nicolae_vaults_network_s,
          nicolae_vaults_branching_niches, ontoclasm_vaults_loading_screen,
          ontoclasm_vaults_pinch, stair_cage_open, v_misc_29,
          nicolae_vaults_mini_display_case, hangedman_vaults_trim, v_misc_12,
          nicolae_vaults_disjoint_gnomons, ontoclasm_vaults_twist,
          grunt_vaults_hallway_long, uniq_xtahua, uniq_frederick
Vaults:3: hangedman_vaults_variations, v_alt_pattern_6, st_more_cells,
          blue_anna_dwarven_crypt, nicolae_vaults_three_branches,
          hangedman_vaults_stagger, v_misc_22, v_misc_4, vaults_room_grid,
          nicolae_vaults_triangles, vaults_room_stairs_pillars,
          vaults_room_pools
Vaults:4: vaults_mumra_minichess, v_misc_29, v_misc_9, ontoclasm_vaults_chip,
          hangedman_vaults_slice, nicolae_vaults_statue_guard, v_misc_17,
          ontoclasm_vaults_chip, vaults_dpeg_spiral,
          ontoclasm_vaults_decontamination, vaults_dpeg_ring,
          nicolae_vaults_theta
Depths:1: hangedman_abyss_or_decor_passed,
          nicolae_abyss_entry_one_way_or_another, hell_entry, special_room,
          hangedman_decor_lopped, nicolae_benzene_ring, serial_bayou_pond_d,
          hallowed_hall
Depths:2: cheibrodos_birdhouse, hangedman_abyss_or_decor_jellyfish_corner,
          hangedman_coc_ice_floe
Depths:3: grunt_runaround, abyss_entry, pan_entry, hell_entry
Depths:4: wad_mega_maze, abyss_entry_flame_altar, minmay_misc_feat_x,
          grunt_mini_vestibule, infiniplex_staircase_zigzag_5
Lab:      labyrinth_mini_lab, nicolae_lab_checkerboard, nicolae_lab_quarters,
          nicolae_lab_t_cross, nicolae_lab_big_swirl, labyrinth_glass_1,
          labyrinth_skeletal_remains, nicolae_lab_dead_end, labyrinth_fake_exit,
          nicolae_lab_flowing_pool
IceCv:    ice_cave_small_giant
Volcano:  volcano_grotto

Table legend:
 A = Turns spent in this place as a percentage of turns spent in the entire game.
 B = Non-inter-level travel turns spent in this place as a percentage of non-inter-level travel turns spent in the entire game.
 C = Inter-level travel turns spent in this place as a percentage of turns spent in this place.
 D = Turns resting spent in this place as a percentage of non-inter-level travel turns spent in this place.
 E = Turns spent auto-exploring this place as a percentage of non-inter-level travel turns spent in this place.
 F = Non-inter-level travel turns spent in this place divided by the number of levels of this place that you've seen.
                   A       B       C       D       E      F
               +-------+-------+-------+-------+-------+----------------------
         Total | 100.0 | 100.0 |   6.5 |   3.6 |  70.0 | 1239.3
       Dungeon |  30.1 |  28.7 |  10.7 |   4.1 |  71.7 | 996.8
          Lair |  13.5 |  13.1 |   9.6 |   3.4 |  74.5 | 1132.5
        Shoals |  10.7 |  10.8 |   5.3 |   4.7 |  66.3 | 1411.5
   Spider Nest |   9.9 |  10.2 |   4.3 |   0.1 |  71.3 | 1322.2
  Orcish Mines |   4.0 |   3.9 |   9.0 |   1.4 |  68.4 | 1017.0
        Vaults |  16.5 |  17.2 |   2.7 |   3.8 |  70.8 | 2237.8
        Depths |  11.9 |  12.5 |   1.2 |   6.0 |  64.7 | 1631.2
     Labyrinth |   0.2 |   0.2 |   0.0 |   0.0 |   0.0 | 111.0
      Ice Cave |   1.7 |   1.9 |   0.0 |   0.0 |  72.6 | 966.0
       Volcano |   1.4 |   1.5 |   0.0 |   1.2 |  64.5 | 782.0
               +-------+-------+-------+-------+-------+----------------------

Table legend:
 A = Kills in this place as a percentage of kills in entire the game.
 B = Kills by you in this place as a percentage of kills by you in the entire game.
 C = Kills by friends in this place as a percentage of kills by friends in the entire game.
 D = Other kills in this place as a percentage of other kills in the entire game.
 E = Experience gained in this place as a percentage of experience gained in the entire game.
 F = Experience gained in this place divided by the number of levels of this place that you have seen.
                   A       B       C       D       E      F
               +-------+-------+-------+-------+-------+----------------------
         Total | 100.0 | 100.0 | 100.0 | 100.0 | 100.0 | 18720.6
       Dungeon |  29.8 |  30.4 |   0.0 |   0.0 |   9.4 | 4922.7
          Lair |   8.2 |   8.3 |   8.7 |   0.0 |   5.2 | 6797.3
        Shoals |  10.4 |  10.0 |  26.1 |  29.4 |  12.2 | 24031.5
   Spider Nest |  11.2 |  11.3 |  13.0 |   0.0 |  10.7 | 21099.0
  Orcish Mines |   5.0 |   5.1 |   0.0 |   0.0 |   3.0 | 11922.0
        Vaults |  18.6 |  18.6 |   0.0 |  41.2 |  28.1 | 55152.0
        Depths |  13.4 |  13.1 |  26.1 |  23.5 |  29.5 | 57971.2
     Labyrinth |   0.2 |   0.2 |   0.0 |   0.0 |   0.2 | 1446.0
      Ice Cave |   2.0 |   1.9 |   0.0 |   5.9 |   1.2 | 9345.0
       Volcano |   1.2 |   0.9 |  26.1 |   0.0 |   0.5 | 3993.0
               +-------+-------+-------+-------+-------+----------------------
